 Dungeon Crawl Stone Soup version 0.29-a0-1043-g569b05d6ff (webtiles) character file.

Game seed: 4073505276192241655

702 Stoves the Slasher (level 7, -2/54 HPs)
             Began as a Human Fighter on Aug 16, 2022.
             Was a Believer of Makhleb.
             Slain by an ogre
             ... wielding a +0 giant club
              (25 damage)
             ... on level 5 of the Dungeon.
             The game lasted 00:24:23 (3683 turns).

Stoves the Slasher (Human Fighter)                  Turns: 3683, Time: 00:24:24

Health: -2/54      AC: 13    Str: 21    XL:     7   Next: 98%
Magic:  7/7        EV:  6    Int:  7    God:    Makhleb [**....]
Gold:   53         SH:  5    Dex: 13    Spells: 6/6 levels left

rFire   . . .      SeeInvis .   a - +1 long sword
rCold   . . .      Faith    .   c - +0 buckler
rNeg    . . .      Spirit   .   o - +0 plate armour
rPois   .          Reflect  .   (no helmet)
rElec   .          Harm     .   (no cloak)
rCorr   .          Rampage  .   (no gloves)
Will    .....                   p - +0 pair of boots
Stlth   ..........              (no amulet)
HPRegen 0.18/turn               (no ring)
MPRegen 0.10/turn               (no ring)

@: no status effects
A: strong 1
a: Renounce Religion, Minor Destruction


You were on level 5 of the Dungeon.
You worshipped Makhleb.
Makhleb was pleased with you.
You visited 1 branch of the dungeon, and saw 5 of its levels.

You collected 158 gold pieces.
You spent 105 gold pieces at shops.

Inventory:

Hand Weapons
 a - a +1 long sword (weapon)
 d - the +4 short sword of Equivalence {drain, rElec Str-3 Int+6}
   (You found it on level 4 of the Dungeon)

   A truly terrible weapon, it drains the life of any living foe it strikes.
   Str:       It affects your strength (-3).
   Int:       It affects your intelligence (+6).
   rElec:     It insulates you from electricity.
 e - a +0 club
 m - a +0 hand crossbow
Missiles
 h - a silver javelin
 i - 6 stones
 j - a boomerang
 k - a javelin
 l - 2 poisoned darts (quivered)
Armour
 b - a +1 scale mail
 c - a +0 buckler (worn)
 f - the +0 robe "Ebriewk" {rC++}
   (You found it on level 2 of the Dungeon)

   rC:        It greatly protects you from cold.
 o - a +0 plate armour (worn)
 p - a +0 pair of boots (worn)
Wands
 t - a wand of charming (6)
Scrolls
 g - a scroll of poison
 n - a scroll of magic mapping {unknown}
Potions
 q - a potion of cancellation {unknown}
 s - 2 potions of invisibility {unknown}


   Skills:
 + Level 4.2 Fighting
 + Level 5.6 Long Blades
 + Level 1.6 Throwing
 + Level 4.8 Armour
 + Level 1.8 Dodging
 + Level 0.4 Stealth
 + Level 3.5 Shields


You had 6 spell levels left.
You didn't know any spells.
Your spell library contained the following spells:

 Spells                   Type           Power      Damage    Failure   Level
 Sandblast                Erth           0%         2d4       100%        1
 Passwall                 Tmut/Erth      0%         N/A       100%        2
 Stone Arrow              Conj/Erth      0%         3d7       100%        3


Dungeon Overview and Level Annotations

Branches:
Dungeon (5/15)
 Temple: D:4-7

Altars:
Makhleb

Shops:
D:4 (   D:5 [

Annotations:
D:4 Sickboy's ghost, amateur MiFi
D:5 2 runed translucent doors


Innate Abilities, Weirdness & Mutations

Your muscles are strong. (Str +4, Int/Dex -1)


Message History

There is an open door here.
You open the door.
There is an open door here.
Found a quarterstaff.
You hear the slow rusting of a drain nearby.
Found 4 stones and a spear.
A jelly comes into view.
The jelly quivers.
Found a potion of mutation and a Necronomicon.
A jelly is nearby!
An ogre comes into view. It is wielding a +0 giant club.
The ogre shouts!
You see here 4 stones.
Throw: 4 darts (poison)
Press: ? - help, Q - select action, (/) - cycle Shift-Dir - straight line, f - jelly
Aim: a jelly (89% to hit)
You throw a poisoned dart. The poisoned dart hits the jelly.
Throw: 3 darts (poison)
Press: ? - help, Q - select action, (/) - cycle Shift-Dir - straight line, f - ogre, p - jelly
Aim: an ogre, wielding a +0 giant club (74% to hit)
You throw a poisoned dart. The poisoned dart hits the ogre.
The ogre is poisoned.
The jelly barely misses you.
You slash the jelly!
Your hands burn!
The jelly is heavily wounded.
You block the jelly's attack.
A scorpion comes into view.
You hit the jelly.
Your hands burn!
The jelly is heavily wounded.
The jelly hits you but does no damage. The jelly completely misses you.
You slash the jelly!
You kill the jelly!
Makhleb accepts your kill.
The ogre hits you with a +0 giant club!!
The ogre looks more healthy.
You open the door.
There is an open door here.
The ogre attacks as you move away!
The ogre hits you with a +0 giant club!!
You die...

#..()....#......#
#........#......#
#...............#
#...)...#.......#
#.......#.......# #
#..(s...##......##.###
#....(..#.............
#.#!#O#.#.#......#
#.#.#.#@#.#.......#
#.#.#.#.#.#.#.#.8'8#
#.#.#.#.#.#.#.#..#.######.
.#.#.#.#.#.#.#.#.#..+.....
#.#.#.#.#.#.#.#..#..+.....
.#.#.#.#.#.#.#.#.#.######.
.#.#.#.#.#.#.#..8'8#
.#.#+#.# .#.#....# #.....#


You could see an ogre and a scorpion.

Vanquished Creatures
  Sigmund (D:4)
  2 ogres (D:4)
  A phantom (D:5)
  A scorpion (D:5)
  A hound (D:4)
  A jelly (D:5)
  2 iguanas (D:4)
  4 adders
  A worm (D:3)
  5 dart slugs
  6 orcs
  4 bats
  11 endoplasms
  A giant cockroach (D:1)
  7 goblins
  3 hobgoblins
  14 jackals
  8 kobolds
  A quokka (D:1)
  5 ball pythons
  5 frilled lizards
  5 rats
89 creatures vanquished.

Notes
Turn   | Place    | Note
-------+----------+-------------------------------------------
     0 | D:1      | Stoves the Human Fighter began the quest for the Orb.
     0 | D:1      | Reached XP level 1. HP: 18/18 MP: 1/1
   170 | D:1      | Reached XP level 2. HP: 15/24 MP: 2/2
   315 | D:1      | Found a faded altar of an unknown god.
   324 | D:1      | Prayed at the altar of an unknown god.
   324 | D:1      | Became a worshipper of Makhleb the Destroyer
   324 | D:1      | Reached * piety under Makhleb
   358 | D:1      | Reached XP level 3. HP: 20/29 MP: 3/3
  1159 | D:2      | Identified the +0 robe "Ebriewk" {rC++}
  1388 | D:2      | Reached XP level 4. HP: 32/35 MP: 4/4
  1630 | D:2      | Reached ** piety under Makhleb
  1841 | D:3      | Reached skill level 1 in Dodging
  1991 | D:3      | Reached skill level 3 in Long Blades
  2284 | D:3      | Reached XP level 5. HP: 39/41 MP: 5/5
  2786 | D:4      | Identified the +4 short sword of Equivalence {drain, rElec
                  | Str-3 Int+6}
  2849 | D:4      | Found a large runed translucent door.
  2849 | D:4      | Found a large runed translucent door.
  2854 | D:4      | Noticed Sickboy's ghost (amateur MiFi)
  2909 | D:4      | Noticed Sigmund
  2917 | D:4      | Killed Sigmund
  2918 | D:4      | Reached skill level 4 in Long Blades
  2918 | D:4      | Reached XP level 6. HP: 20/48 MP: 6/6
  3026 | D:4      | Noticed an ogre
  3027 | D:4      | Gained mutation: Your muscles are strong. (Str +4, Int/Dex
                  | -1) [potion of mutation]
  3032 | D:4      | Killed an ogre
  3033 | D:4      | Reached skill level 1 in Throwing
  3033 | D:4      | Reached XP level 7. HP: 38/54 MP: 7/7
  3033 | D:4      | Found Tashaepn's Firing Range.
  3055 | D:4      | Bought a +0 hand crossbow for 42 gold pieces
  3249 | D:4      | Reached skill level 5 in Long Blades
  3617 | D:5      | Entered Level 5 of the Dungeon
  3617 | D:5      | Found Juonotipt's Armour Shoppe.
  3619 | D:5      | Bought a +0 pair of boots for 63 gold pieces
  3642 | D:5      | Found a large runed translucent door.
  3653 | D:5      | Found a large runed translucent door.
  3683 | D:5      | Slain by an ogre

Illustrated notes

Levels and vault maps discovered:
D:1:      dpeg_arrival_windows_large_door, layout_basic,
          hellmonk_ecumenical_altar_zigzags
D:2:      layout_basic
D:3:      layout_basic
D:4:      layout_basic, ebering_ghost_disaster_area, nicolae_shop_firing_range,
          uniq_sigmund
D:5:      layout_basic, jmf_multi_god_temple2, lightli_sewer_entry_pipes,
          serial_shops, shop

Skill      XL: |  1  2  3  4  5  6  7 |
---------------+----------------------+-----
Dodging        | 1 |  1.8
Long Blades    | 3 4 5 |  5.6
Armour         | 4 |  4.8
Fighting       | 4 |  4.2
Throwing       | 1 |  1.6
Stealth        | |  0.4
Shields        | |  3.5

Action                   |  1- 3 |  4- 6 |  7- 9 || total
-------------------------+-------+-------+-------++-------
Melee: Long sword        |    89 |   131 |    36 ||   256
Throw: Stone             |     9 |     4 |       ||    13
       Dart              |    16 |     7 |    16 ||    39
  Use: Scroll            |     2 |     7 |       ||     9
       Potion            |       |     7 |       ||     7
Armor: Scale mail        |    64 |    54 |     5 ||   123
       Skin              |       |     4 |       ||     4
       Plate armour      |       |       |     7 ||     7
Dodge: Dodged            |    53 |    65 |    12 ||   130
Block: Buckler           |    34 |    29 |     8 ||    71

Table legend: (Time is in decaauts)
 A = Elapsed time spent in this place.
 B = Non-inter-level travel time spent in this place.
 C = Inter-level travel time spent in this place.
 D = Time resting spent in this place.
 E = Time spent auto-exploring this place.
 F = Levels seen in this place.
 G = Mean time per level.
                   A        B        C        D        E       F      G
               +--------+--------+--------+--------+--------+-----+--------+
         Total |   3762 |    827 |   2935 |      0 |      0 |   5 |  752.4 |
       Dungeon |   3762 |    827 |   2935 |      0 |      0 |   5 |  752.4 |
               +--------+--------+--------+--------+--------+-----+--------+

Top non-repeatable levels by time:
     D:4: 1038 daAuts
     D:1: 927 daAuts
     D:3: 883 daAuts
     D:2: 844 daAuts
     D:5: 68 daAuts
